 Dungeon Crawl Stone Soup version 0.19-a0-753-gae73b43 (webtiles) character file.

53876 TabbedYourNanAtTesco the Martial Artist (level 14, -8/127 HPs)
             Began as a Demonspawn Gladiator on June 25, 2016.
             Was the Champion of Okawaru.
             Mangled by a six-headed hydra (10 damage)
             ... on level 3 of the Lair of Beasts.
             The game lasted 01:12:39 (31055 turns).

TabbedYourNanAtTesco the Martial Artist (DsGl)     Turns: 31055, Time: 01:12:39

Health: -8/127     AC: 17    Str: 16    XL:     14   Next: 32%
Magic:  19/19      EV: 12    Int: 11    God:    Okawaru [******]
Gold:   1767       SH:  0    Dex: 22    Spells: 0 memorised, 13 levels left

rFire  . . .     SeeInvis +     Y - +4 quarterstaff of Corporal Punishment {speed, rC+ Dex-2 SInv}
rCold  + + +     Gourm    +     N - +2 chain mail {rN+}
rNeg   + . .     Faith    .     (shield currently unavailable)
rPois  +         Spirit   .     V - +1 helmet
rElec  .         Dismiss  .     (no cloak)
rCorr  .         Reflect  .     (gloves unavailable)
SustAt .         Harm     .     v - +0 pair of boots
MR     +....                    t - amulet of Afinun {Gourm rC+ Dex+4}
Stlth  +.........               H - +3 ring of dexterity
                                a - ring of poison resistance

@: somewhat resistant to hostile enchantments, very unstealthy
A: claws 3, hooves 2, rugged brown scales 1, cold resistance 1, low mp 1,
nightstalker 2, robust 1
a: Heroism, Finesse, Renounce Religion


You were on level 3 of the Lair of Beasts.
You worshipped Okawaru.
Okawaru was exalted by your worship.
You were very full.

You visited 4 branches of the dungeon, and saw 21 of its levels.
You also visited: Ossuary.

You collected 1827 gold pieces.
You spent 60 gold pieces at shops.

Inventory:

Hand Weapons
 Y - the +4 quarterstaff of Corporal Punishment (weapon) {speed, rC+ Dex-2 SInv}
   (Okawaru gifted it to you on level 4 of the Lair of Beasts)

   Attacks with this weapon are significantly faster.
   It affects your dexterity (-2).
   It protects you from cold.
   It lets you see invisible.
Missiles
 d - 4 throwing nets (quivered)
Armour
 v - a +0 pair of boots (worn)
 N - a +2 chain mail of positive energy (worn)
 V - a +1 helmet (worn)
Jewellery
 a - a ring of poison resistance (left claw)
 g - an uncursed ring of protection from fire
 t - the amulet of Afinun (around neck) {Gourm rC+ Dex+4}
   (You took it off Sigmund on level 4 of the Dungeon)

   [amulet of the gourmand]

   It allows you to eat raw meat even when not hungry.
   It affects your dexterity (+4).
   It protects you from cold.
 H - a +3 ring of dexterity (right claw)
Wands
 e - a wand of paralysis (15/24)
 i - a wand of acid (10/15)
 K - a wand of teleportation (2/9)
 M - a wand of disintegration (14/24)
 Q - a wand of flame (28/48)
 X - a wand of paralysis (12/24)
Scrolls
 b - 6 scrolls of remove curse
 j - 6 scrolls of teleportation
 l - 2 scrolls of blinking
 q - 4 scrolls of amnesia
 s - 5 scrolls of magic mapping
 y - 6 scrolls of recharging
 D - 4 scrolls of enchant armour
 L - 2 scrolls of fear
 R - a scroll of fog
 S - a scroll of silence
 Z - a scroll of immolation
Potions
 h - 9 potions of curing
 k - a potion of resistance {unknown}
 r - 2 potions of haste
 w - 2 potions of magic
 z - 4 potions of cancellation
 A - 2 potions of agility
 B - 2 potions of flight
 C - 4 potions of heal wounds
 E - a potion of cure mutation
 F - 2 potions of brilliance
 G - 4 potions of mutation
 O - a potion of lignification
 T - 5 potions of might
 U - a potion of invisibility
 W - 2 potions of berserk rage
Miscellaneous
 P - a phantom mirror
Comestibles
 c - 4 chunks of flesh
 f - 14 bread rations
 p - 11 meat rations
 u - 27 fruits


   Skills:
 + Level 11.3 Fighting
 - Level 6.6 Staves
 - Level 1.7 Throwing
 + Level 7.7 Armour
 + Level 7.6 Dodging
 * Level 14.7 Unarmed Combat
 + Level 10.9 Invocations
 + Level 2.1 Evocations


You had 13 spell levels left.
You didn't know any spells.

Dungeon Overview and Level Annotations

Branches:
Dungeon (12/15)            Temple (1/1) D:7            Lair (6/6) D:10
 Shoals (0/4) Lair:3       Spider (0/4) Lair:3        Slime (0/5) Lair:5
    Orc (2/2) D:12            Elf (0/3) Orc:2

Altars:
Ashenzari
Cheibriados
Dithmenos
Elyvilon
Fedhas
Gozag
Hepliaklqana
Kikubaaqudgha
Makhleb
Nemelex Xobeh
Okawaru
Pakellas
Qazlal
Ru
Trog
Uskayaw
Vehumet
Xom
Yredelemnul
Zin
The Shining One

Shops:
D:7 !

Annotations:
D:2 3 exclusions
Lair:2 tstbtto's ghost, journeyman HOFi
Lair:5 exclusion: oklob plant
Orc:2 Maud


Innate Abilities, Weirdness & Mutations

You have claws for hands.
You are partially covered in rugged brown scales. (AC +1, +3% HP)
You are significantly more attuned to the shadows.
You are robust. (+10% HP)
You have hoof-like feet.
Your flesh is cold resistant. (rC+)
Your magical capacity is low. (-10% MP)


Message History

The six-headed hydra bites you but does no damage.
The six-headed hydra closely misses you.
You sock the six-headed hydra!
The six-headed hydra is almost dead.
The six-headed hydra closely misses you.
The six-headed hydra barely misses you. The six-headed hydra bites you!
The six-headed hydra closely misses you.
The six-headed hydra bites you!
The six-headed hydra bites you but does no damage.
Evoke which item? (* to show all) (? for menu, Esc to quit)
Zapping:
M - a wand of disintegration (15/24)
Press: ? - help, Shift-Dir - straight line, f - six-headed hydra
Aim: a six-headed hydra (almost dead, chance to defeat MR: 37%)
The six-headed hydra resists with some effort.
This wand has 14 charges left.
You feel much better.
The six-headed hydra bites you but does no damage.
The six-headed hydra bites you. The six-headed hydra bites you!
The six-headed hydra misses you. The six-headed hydra bites you! x2
You die...

######*##******** *
****######.#..##.#*,**,*,***
**,,...............,,,,,,,,,,
*,,..[.............,,,,,,,,,,
*,.................,,,,,,,,,,
**.........†..%....,,,,,,,,,,
*.........†@D.....,,,,,,,,,,
*.................,,,,,,,,,,
*.................,,,,,,,,,,
*.......#.#.###.##,,***,**,*
#.......##### *##**** ******
#.......# #.......##
##.......P# #P........#


You could see a six-headed hydra.

Vanquished Creatures
  4 dire elephants (Lair:6)
  Harold (Lair:3)
  3 hydras
  2 catoblepae
  An anaconda (Lair:6)
  3 death yaks
  2 unseen horrors
  A lindwurm (Lair:4)
  An orc knight (Orc:1)
  A deep elf mage (D:12)
  5 hill giants
  An ugly thing (D:12)
  2 griffons (Lair:5)
  13 elephants
  2 centaur zombies (D:10)
  A gargoyle (D:12)
  2 black mambas
  9 spiny frogs
  A torpor snail (Lair:6)
  2 komodo dragons
  2 two-headed ogres (D:8)
  4 trolls
  6 slime creatures
  A boulder beetle (Lair:6)
  4 blink frogs (Lair:6)
  A meliai zombie (D:11)
  3 redbacks (Lair:3)
  49 yaks
  Sigmund (D:4)
  A vampire (D:12)
  A wraith (Ossuary)
  A basilisk (Lair:6)
  A human (D:8)
  3 wyverns
  4 fire bats (D:8)
  7 hippogriffs
  A steam dragon (Lair:6)
  A mottled dragon (D:6)
  7 wargs
  A hell hound (D:8)
  A soldier ant (D:12)
  8 water moccasins
  10 porcupines
  2 ice beasts
  3 black bears
  18 orc warriors
  3 phantoms
  A necrophage (D:9)
  11 ogres
  9 centaurs
  21 wolves
  8 crocodiles
  13 giant frogs
  9 scorpions
  3 killer bees (D:12)
  14 wights
  5 electric eels
  5 crimson imps
  2 centaur skeletons
  3 quasits
  14 orc priests
  3 giant frog zombies
  5 hounds
  A human zombie (Ossuary)
  A jelly (D:5)
  2 giant frog skeletons
  27 orc wizards
  Natasha (twice) (D:2)
  10 iguanas
  2 hell rats (Lair:4)
  9 worker ants
  A hound zombie (D:7)
  A hound skeleton (D:4)
  3 mummies (Ossuary)
  A howler monkey skeleton (D:5)
  A howler monkey zombie (D:6)
  A worker ant zombie (D:6)
  14 adders
  10 gnolls
  35 river rats
  2 oozes
  2 adder skeletons
  5 worms
  3 dart slugs
  3 giant geckos
  82 orcs
  7 bats
  5 giant cockroaches
  9 goblins
  7 hobgoblins
  19 jackals
  8 quokkas
  A giant cockroach zombie (D:5)
  4 giant newts
  3 goblin zombies (Ossuary)
  2 hobgoblin zombies (Ossuary)
  7 kobolds
  2 kobold zombies (Ossuary)
  13 rats
  A fire vortex (D:8)
  6 plants (Lair:6)
639 creatures vanquished.

Vanquished Creatures (others)
  An ogre (D:7)
  A black bear (D:7)
  A jelly (D:8)
  An orc priest (D:7)
  3 orc wizards
  An orc (D:7)
  4 jackals (D:7)
  2 fire vortices (D:8)
  10 fungi (Lair:6)
  14 plants
38 creatures vanquished.

Grand Total: 677 creatures vanquished

Notes
Turn   | Place    | Note
--------------------------------------------------------------
     0 | D:1      | TabbedYourNanAtTesco the Demonspawn Gladiator began the quest for the Orb.
     0 | D:1      | Reached XP level 1. HP: 16/16 MP: 1/1
    51 | D:1      | Gained mutation: You have sharp fingernails. [demonic ancestry]
    51 | D:1      | Reached XP level 2. HP: 22/23 MP: 2/2
   497 | D:1      | Gained mutation: You have very sharp fingernails. [demonic ancestry]
   497 | D:1      | Reached XP level 3. HP: 28/28 MP: 3/3
   701 | D:2      | Noticed Sigmund
  1327 | D:2      | Reached XP level 4. HP: 27/35 MP: 4/4
  1329 | D:2      | Noticed Natasha
  1353 | D:2      | Killed Natasha
  1613 | D:2      | Noticed Natasha
  1627 | D:2      | Killed Natasha
  2251 | D:3      | Reached XP level 5. HP: 42/42 MP: 5/5
  2460 | D:3      | Found a shadowy altar of Dithmenos.
  2880 | D:4      | Noticed an ogre
  3349 | D:4      | Reached XP level 6. HP: 46/50 MP: 6/6
  3394 | D:4      | Reached skill level 5 in Fighting
  3804 | D:4      | Killed Sigmund
  3804 | D:4      | Reached skill level 5 in Staves
  3815 | D:4      | Got a clouded platinum amulet
  3816 | D:4      | Identified the amulet of Afinun {Gourm rC+ Dex+4} (You took it off Sigmund on level 4 of the Dungeon)
  3863 | D:4      | Found a hide-covered altar of Uskayaw.
  3864 | D:4      | Found a bloodstained altar of Trog.
  3970 | D:4      | Reached XP level 7. HP: 51/56 MP: 7/7
  4113 | D:5      | Entered Level 5 of the Dungeon
  5039 | D:4      | Found a glowing silver altar of Zin.
  5304 | D:5      | Gained mutation: You have claws for hands. [demonic ancestry]
  5304 | D:5      | Reached XP level 8. HP: 54/65 MP: 8/8
  5585 | D:6      | Found a sand-covered staircase.
  5646 | D:6      | Reached skill level 1 in Unarmed Combat
  5759 | Ossuary  | Entered an ossuary
  6222 | Ossuary  | Reached skill level 2 in Unarmed Combat
  6385 | Ossuary  | Gained mutation: You have large cloven feet. [potion of mutation]
  6385 | Ossuary  | Gained mutation: Your magical capacity is low. (-10% MP) [potion of mutation]
  6385 | Ossuary  | Gained mutation: Your flesh is cold resistant. (rC+) [potion of mutation]
  6582 | D:6      | Found a burning altar of Makhleb.
  6594 | D:6      | Reached skill level 3 in Unarmed Combat
  7106 | D:6      | Reached skill level 4 in Unarmed Combat
  8164 | D:5      | Reached skill level 5 in Unarmed Combat
  8164 | D:5      | Reached XP level 9. HP: 39/72 MP: 8/8
  9056 | D:6      | Reached skill level 6 in Unarmed Combat
  9212 | D:7      | Found Mahuipeu's Distillery.
  9258 | D:7      | Bought a potion of might for 60 gold pieces
  9289 | D:7      | Reached skill level 7 in Unarmed Combat
  9745 | D:7      | Found an opulent altar of Gozag.
  9763 | D:7      | Found a staircase to the Ecumenical Temple.
  9768 | Temple   | Entered the Ecumenical Temple
  9815 | Temple   | Became a worshipper of Warmaster Okawaru
 10099 | D:8      | Found a basalt altar of Yredelemnul.
 10131 | D:8      | Reached skill level 8 in Unarmed Combat
 10493 | D:8      | Reached * piety under Okawaru
 10650 | D:8      | Reached skill level 9 in Unarmed Combat
 10875 | D:8      | Found a white marble altar of Elyvilon.
 10932 | D:8      | Gained mutation: You are slightly more attuned to the shadows. [demonic ancestry]
 10932 | D:8      | Reached XP level 10. HP: 79/79 MP: 9/9
 10970 | D:8      | Found an ancient bone altar of Kikubaaqudgha.
 12228 | D:8      | Reached skill level 10 in Unarmed Combat
 12472 | D:7      | Reached ** piety under Okawaru
 12538 | D:8      | Reached skill level 1 in Invocations
 12667 | D:8      | Reached skill level 1 in Armour
 13138 | D:8      | Reached skill level 5 in Dodging
 13521 | D:9      | Reached *** piety under Okawaru
 13905 | D:9      | Reached **** piety under Okawaru
 13948 | D:8      | Reached skill level 11 in Unarmed Combat
 14299 | D:9      | Gained mutation: You are partially covered in rugged brown scales. (AC +1, +3% HP) [demonic ancestry]
 14299 | D:9      | Reached XP level 11. HP: 64/87 MP: 12/12
 14689 | D:10     | Entered Level 10 of the Dungeon
 15214 | D:10     | Found a staircase to the Lair.
 15287 | D:10     | Killed an unseen horror
 15551 | D:10     | Noticed a hill giant
 15558 | D:10     | Killed a hill giant
 15769 | D:10     | Identified Etsow's Compendium of Stones and the Volcanoes
 16059 | D:10     | Received a gift from Okawaru
 16297 | D:10     | Reached skill level 5 in Invocations
 16775 | D:11     | Reached ***** piety under Okawaru
 16982 | D:11     | Noticed a hill giant
 16990 | D:11     | Killed a hill giant
 17396 | D:12     | Noticed a hill giant
 17413 | D:11     | Killed a hill giant
 17413 | D:11     | Reached skill level 12 in Unarmed Combat
 17439 | D:12     | Noticed an eight-headed hydra
 17785 | D:12     | Noticed a hill giant
 17986 | D:12     | Killed a hill giant
 17986 | D:12     | Received a gift from Okawaru
 18233 | D:12     | Gained mutation: You have hoof-like feet. [potion of beneficial mutation]
 18310 | D:12     | Gained mutation: You are robust. (+10% HP) [demonic ancestry]
 18310 | D:12     | Reached XP level 12. HP: 72/106 MP: 15/15
 19582 | D:12     | Found a staircase to the Orcish Mines.
 19618 | Orc:1    | Entered Level 1 of the Orcish Mines
 19936 | Orc:1    | HP: 2/108 [orc knight/halberd (26)]
 19937 | Orc:1    | Received a gift from Okawaru
 20416 | Orc:2    | Entered Level 2 of the Orcish Mines
 20464 | Orc:1    | Noticed Maud
 20624 | Orc:2    | Reached skill level 13 in Unarmed Combat
 20644 | Orc:2    | Found a staircase to the Elven Halls.
 20775 | Orc:2    | Reached skill level 5 in Armour
 21263 | Orc:2    | Noticed an orc high priest
 21268 | Orc:2    | Paralysed by an orc sorcerer for 3 turns
 21295 | Orc:2    | Paralysed by an orc sorcerer for 6 turns
 21707 | Lair:1   | Entered Level 1 of the Lair of Beasts
 21936 | Lair:1   | Reached ****** piety under Okawaru
 21936 | Lair:1   | Received a gift from Okawaru
 22633 | Lair:2   | Noticed a six-headed hydra
 22651 | Lair:2   | Killed a six-headed hydra
 23619 | Lair:2   | Noticed tstbtto's ghost (journeyman HOFi)
 23681 | Lair:3   | Found a hole to the Spider Nest.
 23859 | Lair:3   | Reached skill level 10 in Fighting
 24131 | Lair:3   | Reached XP level 13. HP: 40/116 MP: 17/17
 24709 | Lair:3   | Noticed Harold
 24775 | Lair:4   | Received a gift from Okawaru
 24823 | Lair:4   | Got a twisted quarterstaff {god gift}
 24824 | Lair:4   | Identified the +4 quarterstaff of Corporal Punishment {speed, rC+ Dex-2 SInv} (Okawaru gifted it to you on level 4 of the Lair of Beasts)
 26344 | Lair:5   | Found a staircase to the Slime Pits.
 26695 | Lair:5   | Found a blossoming altar of Fedhas.
 26809 | Lair:5   | Reached skill level 14 in Unarmed Combat
 27089 | Lair:6   | Entered Level 6 of the Lair of Beasts
 27280 | Lair:6   | Received a gift from Okawaru
 27365 | Lair:6   | Reached skill level 10 in Invocations
 29553 | Lair:6   | Gained mutation: You are significantly more attuned to the shadows. [demonic ancestry]
 29553 | Lair:6   | Reached XP level 14. HP: 100/127 MP: 19/19
 29619 | Lair:6   | Received a gift from Okawaru
 29629 | Lair:6   | Reached skill level 1 in Evocations
 29944 | Lair:3   | Killed Harold
 30426 | Lair:3   | Found a staircase to the Shoals.
 31055 | Lair:3   | HP: 2/127 [six-headed hydra (11)]
 31055 | Lair:3   | Mangled by a six-headed hydra

Vault maps used:
D:1:      saegor_arrival_simple_a
D:2:      uniq_natasha, uniq_sigmund
D:3:      grunt_dithmenos_smoke, led_sif_book
D:4:      lemuel_upstairs_altar, minitemple
D:5:      kennysheep_windowed_halls, first_bread
D:6:      lemuel_crystal_altar, enter_ossuary_1, minmay_three_doors
D:7:      serial_shops, shop, basic_altar, lemuel_flame_loot_1
D:8:      kennysheep_ying_yang, kennysheep_mini_moat, grunt_pizzeria,
          hangedman_incinerator
D:10:     erik_lair_orcish_takeover
D:11:     bh_chokoban
D:12:     erik_orc_2
Temple:   nicolae_temple_great_sept
Lair:2:   wad_woods_river_01
Lair:3:   minmay_shoals_entry_centaurs, spider_nest_entry_webs,
          nicolae_volcano_entry_s_turn, uniq_harold
Lair:4:   kennysheep_rathole, grunt_megastairs_2
Lair:5:   minmay_slime_entry_pillars, tgw_fedhas, infiniplex_staircase_pool,
          lemuel_fruit_fields
Lair:6:   due_jungle_book
Orc:1:    uniq_maud
Orc:2:    st_orc_elflike
Ossuary:  ossuary_kennysheep_city_of_the_dead

Skill      XL: |  1  2  3  4  5  6  7  8  9 10 11 12 13 14 |
---------------+-------------------------------------------+-----
Staves         | 3 4 5 6 |  6.6
Fighting       | 3 4 5 6 7 8 10 11 | 11.3
Dodging        | 4 5 6 7 |  7.6
Unarmed Combat | 5 9 11 12 13 14 | 14.7
Invocations    | 3 6 9 10 | 10.9
Armour         | 2 3 5 7 |  7.7
Evocations     | 2 |  2.1
Throwing       | |  1.7

Action                   |  1- 3 |  4- 6 |  7- 9 | 10-12 | 13-15 || total
-------------------------+-------+-------+-------+-------+-------++-------
Melee: Quarterstaff      |   114 |   203 |   249 |    14 |    23 ||   603
       Unarmed           |       |       |   313 |   927 |   637 ||  1877
       Punch             |       |       |    11 |    67 |    51 ||   129
Throw: Throwing net      |       |       |       |     1 |       ||     1
Invok: Heroism           |       |       |       |     5 |     3 ||     8
       Finesse           |       |       |       |       |     2 ||     2
Evoke: Wand              |       |       |       |       |    14 ||    14
  Use: Scroll            |       |     4 |    12 |    10 |    11 ||    37
       Potion            |       |       |     5 |     1 |     1 ||     7
 Stab: Held in net/web   |       |       |       |     2 |     3 ||     5
       Sleeping          |       |       |       |     1 |       ||     1
  Eat: Chunk             |     1 |     9 |    31 |    42 |    26 ||   109
       Pizza             |       |     1 |       |       |       ||     1
Armor: Leather armour    |     5 |       |       |       |       ||     5
       Ring mail         |    32 |    64 |   117 |    87 |       ||   300
       Skin              |       |       |    26 |       |       ||    26
       Chain mail        |       |       |       |   232 |   304 ||   536
Dodge: Dodged            |    68 |    94 |   311 |   420 |   304 ||  1197
